Map: Oxide LE

Players

MCanning

  • Race: Protoss Protoss
  • Spawn Location: 1:00

DisK - Winner!

  • Race: Protoss Protoss
  • Spawn Location: 7:00

Event: DreamHack SC2 Masters 2020 Winter

VOD

Have the link to the VOD?

Description

Time

  • Played on: Oct. 27, 2020, 4:58 p.m.
  • Length: 9:24

All games in this series

Show
View Real Time Build Order
Export as new Build Order

MCanning Protoss 

Build Orders: Oracle Opening, Blink Stalkers, Chargelot Immortal 

Get SALT Encoding   

  12  0:00  Probe  
  13  0:12  Probe  
  14  0:19  Pylon  
  14  0:24  Probe  
  15  0:37  Gateway, Probe (Chrono Boost)  
  16  0:47  Assimilator, Probe (Chrono Boost)  
  17  0:52  Probe (Chrono Boost)  
  18  1:03  Probe  
  19  1:09  Assimilator  
  19  1:15  Probe  
  19  1:18  Pylon  
  20  1:24  Cybernetics Core  
  20  1:27  Probe  
  20  1:28  Zealot  
  23  1:40  Pylon  
  23  1:44  Probe  
  24  1:56  Probe  
  24  1:58  Stalker (Chrono Boost)  
  27  2:01  Warp Gate  
  27  2:17  Cybernetics Core  
  27  2:19  Probe  
  27  2:21  Sentry  
  30  2:31  Probe  
  31  2:46  Oracle  
  31  2:49  Pylon  
  31  2:56  Nexus  
  31  2:59  Gateway  
  31  3:02  Probe (Chrono Boost)  
  31  3:03  Twilight Council  
  32  3:14  Probe (Chrono Boost)  
  32  3:18  Forge  
  32  3:19  Probe (Chrono Boost)  
  33  3:28  Probe  
  34  3:38  Pylon  
  34  3:41  Blink, Probe (Chrono Boost)  
  35  3:53  Probe (Chrono Boost)  
  35  3:54  Sentry  
  38  3:56  Sentry  
  38  4:01  Protoss Ground Weapons Level 1 (Chrono Boost), Probe (Chrono Boost)  
  41  4:04  Pylon  
  42  4:10  Probe (Chrono Boost)  
  42  4:12  Probe (Chrono Boost)  
  43  4:19  Probe (Chrono Boost)  
  43  4:21  Probe (Chrono Boost)  
  43  4:24  Robotics Facility, Probe  
  46  4:33  Assimilator  
  46  4:34  Probe (Chrono Boost)  
  46  4:37  Probe (Chrono Boost)  
  48  4:39  Stalker  
  52  4:46  Probe (Chrono Boost)  
  52  4:47  Probe (Chrono Boost)  
  52  4:51  Probe (Chrono Boost)  
  52  4:54  Pylon  
  52  4:55  Probe  
  54  5:03  Probe  
  55  5:07  Probe  
  55  5:11  Observer  
  55  5:14  Gateway  
  57  5:15  Probe  
  57  5:18  Nexus  
  57  5:19  Probe  
  57  5:20  Pylon  
  59  5:27  Stalker x2, Probe  
  64  5:32  Probe  
  64  5:33  Immortal (Chrono Boost)  
  65  5:36  Immortal (Chrono Boost)  
  65  5:39  Probe  
  70  5:44  Probe  
  69  5:51  Zealot  
  69  5:53  Protoss Ground Weapons Level 2 (Chrono Boost)  
  69  5:54  Probe  
  69  5:56  Shield Battery  
  72  5:57  Shield Battery  
  72  5:58  Probe  
  72  6:00  Assimilator  
  72  6:02  Pylon  
  73  6:07  Stalker  
  75  6:13  Probe  
  75  6:15  Photon Cannon  
  74  6:22  Stalker x2  
  72  6:27  Immortal (Chrono Boost)  
  72  6:31  Stalker  
  78  6:34  Probe  
  79  6:42  Gateway  
  79  6:43  Probe  
  79  6:45  Robotics Bay  
  80  6:51  Probe  
  80  6:52  Charge (Chrono Boost)  
  80  6:53  Probe  
  82  6:56  Probe  
  82  7:00  Stalker x2  
  82  7:01  Zealot  
  79  7:15  Immortal (Chrono Boost)  
  69  7:19  Probe  
  70  7:28  Stalker x3  
  76  7:30  Probe  
  76  7:33  Probe  
  76  7:35  Pylon  
  78  7:38  Probe  
  78  7:40  Stalker  
  79  7:52  Probe x2  
  79  7:53  Assimilator  
  79  7:55  Disruptor (Chrono Boost)  
  79  7:56  Dark Shrine  
  81  7:58  Assimilator  
  81  8:01  Photon Cannon  
  84  8:05  Shield Battery  
  84  8:06  Probe  
  84  8:09  Pylon  
  84  8:11  Sentry  
  87  8:17  Gateway x2  
  85  8:20  Probe  
  85  8:23  Zealot x2  
  85  8:24  Stalker  
  85  8:25  Disruptor (Chrono Boost)  
  92  8:31  Probe  
  96  8:37  Zealot  
  96  8:45  Zealot x2  
  96  8:48  Zealot  
  103  8:59  Zealot  
  103  9:01  Probe  
  92  9:07  Zealot  
  71  9:14  Zealot x4  
Show
View Real Time Build Order
Export as new Build Order

DisK Protoss - Winner!

Build Orders: Blink Stalkers 

Get SALT Encoding   

  12  0:00  Probe  
  13  0:12  Probe  
  14  0:19  Pylon  
  14  0:24  Probe  
  15  0:37  Gateway, Probe (Chrono Boost)  
  16  0:47  Probe (Chrono Boost)  
  16  0:48  Assimilator  
  17  0:52  Probe (Chrono Boost)  
  18  1:03  Probe  
  19  1:15  Probe  
  20  1:24  Cybernetics Core  
  20  1:27  Assimilator, Probe  
  20  1:29  Pylon  
  21  1:34  Zealot  
  21  1:39  Pylon  
  23  1:47  Probe  
  24  1:59  Probe  
  25  2:01  Stalker (Chrono Boost)  
  25  2:08  Cybernetics Core  
  27  2:11  Probe  
  28  2:23  Probe  
  29  2:30  Stalker, Warp Gate  
  31  2:38  Pylon  
  30  2:54  Nexus  
  30  3:01  Twilight Council  
  30  3:05  Probe  
  31  3:12  Sentry  
  33  3:17  Probe (Chrono Boost)  
  35  3:27  Gateway  
  35  3:28  Probe (Chrono Boost)  
  35  3:32  Probe (Chrono Boost)  
  36  3:35  Blink (Chrono Boost)  
  36  3:43  Probe  
  36  3:44  Robotics Facility  
  38  3:55  Probe (Chrono Boost)  
  38  4:05  Pylon  
  38  4:06  Probe (Chrono Boost)  
  40  4:12  Gateway  
  40  4:13  Probe (Chrono Boost)  
  40  4:15  Probe (Chrono Boost)  
  41  4:18  Sentry  
  41  4:20  Probe (Chrono Boost)  
  41  4:21  Stalker  
  46  4:25  Probe  
  47  4:31  Observer  
  47  4:32  Probe (Chrono Boost)  
  47  4:38  Probe (Chrono Boost)  
  50  4:40  Forge  
  50  4:41  Phoenix  
  51  4:49  Probe x2 (Chrono Boost)  
  51  4:50  Assimilator  
  52  4:56  Probe (Chrono Boost)  
  52  4:58  Gateway x2  
  53  5:01  Pylon  
  53  5:02  Probe  
  54  5:08  Stalker, Probe  
  54  5:09  Stalker, Protoss Ground Weapons Level 1 (Chrono Boost)  
  59  5:17  Probe  
  60  5:26  Stalker  
  62  5:32  Pylon  
  62  5:36  Stalker x2  
  62  5:38  Warp Prism  
  68  5:52  Stalker x3  
  74  6:03  Nexus  
  74  6:05  Probe x2  
  76  6:33  Pylon  
  76  6:34  Stalker  
  76  6:35  Stalker  
  78  6:45  Charge (Chrono Boost)  
  78  6:47  Gateway  
  78  6:48  Gateway  
  78  6:49  Probe  
  78  6:50  Gateway, Pylon  
  78  6:51  Probe  
  79  7:06  Stalker x5  
  67  7:27  Probe x2 (Chrono Boost)  
  67  7:29  Probe (Chrono Boost)  
  70  7:30  Stalker x5  
  70  7:34  Pylon  
  80  7:39  Probe x2 (Chrono Boost)  
  80  7:43  Probe (Chrono Boost)  
  83  7:48  Probe (Chrono Boost)  
  76  7:57  Zealot x5  
  76  7:58  Zealot x3  
  95  8:08  Pylon  
  92  8:19  Zealot x6  
  104  8:21  Zealot  
  104  8:23  Zealot  
  108  8:40  Pylon  
  108  8:41  Pylon  
  108  8:44  Zealot x4  
  108  8:45  Zealot x3  
  86  9:18  Zealot x8  
  100  9:24  Gateway x2  
Tags
 
Add a new tag
Caveats
  • Supply blocks, unpowered buildings, or Contaminate may cause inaccurate times.
  • Supply counts are checked every 10 seconds.